 Seeded DCSS version 0.27.1-2-g3b301248ec (webtiles) character file.

Game seed: 14551798346683263451 (custom seed)

11405 babuloseo the Cleaver (level 12, 0/101 HPs)
             Began as a Human Fighter on Oct 1, 2021.
             Was an Initiate of Gozag.
             Slain by an orc warlord (1 damage)
             ... on level 2 of the Orcish Mines.
             The game lasted 00:14:54 (12232 turns).

babuloseo the Cleaver (Human Fighter)              Turns: 12232, Time: 00:14:55

Health: 0/101      AC: 12    Str: 20    XL:     12   Next: 7%
Magic:  0/12       EV: 14    Int: 12    God:    Gozag
Gold:   575        SH:  6    Dex: 16    Spells: 11/11 levels left

rFire    + . .     SeeInvis .   j - +8 broad axe of Beokiukkaero {elec, rF+}
rCold    + . .     Faith    .   i - +0 buckler of Lilacs {Contam rPois Will+}
rNeg     . . .     Spirit   +   t - +1 scale mail "Nyjiusef" {Dex+2 Slay+3}
rPois    +         Reflect  .   y - +2 helmet {Int+3}
rElec    .         Harm     .   (no cloak)
rCorr    .         Rampage  .   (no gloves)
Will     +....                  (no boots)
Stlth    ..........             A - amulet of guardian spirit
HPRegen  0.26/turn              (no ring)
MPRegen  0.13/turn              (no ring)

@: gold aura
A: cold resistance 1, robust 1
a: Renounce Religion, Potion Petition, Call Merchant, Bribe Branch


You were on level 2 of the Orcish Mines.
You worshipped Gozag.
Gozag was pleased with you.
You visited 2 branches of the dungeon, and saw 11 of its levels.

You collected 3069 gold pieces.
You spent 1022 gold pieces at shops.
You paid 1472 gold pieces to Gozag.

Inventory:

Hand Weapons
 a - a +0 trident
 j - the +8 broad axe of Beokiukkaero (weapon) {elec, rF+}
   (You acquired it on level 2 of the Dungeon)

   It occasionally discharges a powerful burst of electricity upon striking a
   foe.
   rF:        It protects you from fire.
 r - the +7 spear of Untimely Demise {antimagic, rCorr}
   (You found it on level 4 of the Dungeon)

   It reduces the magical energy of the wielder, and disrupts the spells and
   magical abilities of those it strikes.
   Natural abilities and divine invocations are not affected.
   rCorr:     It protects you from acid and corrosion.
Armour
 b - a +0 scale mail
 c - a +0 kite shield
 d - a +3 scale mail of poison resistance
 i - the +0 buckler of Lilacs (worn) {Contam rPois Will+}
   (You bought it in a shop on level 7 of the Dungeon)

   rPois:     It protects you from poison.
   Contam:    It causes magical contamination when unequipped.
   Will:      It increases your willpower.
 m - a +1 helmet of intelligence
 t - the +1 scale mail "Nyjiusef" (worn) {Dex+2 Slay+3}
   (You bought it in a shop on level 7 of the Dungeon)

   Dex:       It affects your dexterity (+2).
   Slay:      It affects your accuracy & damage with ranged weapons and melee
   (+3).
 v - a +0 chain mail
 y - a +2 helmet of intelligence (worn)
 F - the +1 leather armour of Absence {+Blink Will+ Dex-3 Stlth+}
   (You bought it in a shop on level 7 of the Dungeon)

   Dex:       It affects your dexterity (-3).
   +Blink:    It lets you blink.
   Will:      It increases your willpower.
   Stlth:     It makes you more stealthy.
 H - a +2 chain mail of cold resistance
Jewellery
 s - a ring of fire
 A - an amulet of guardian spirit (around neck)
Wands
 l - a wand of flame (24)
Scrolls
 e - a scroll of magic mapping
 h - 3 scrolls of enchant armour
 n - a scroll of blinking
 w - a scroll of brand weapon
 x - a scroll of noise
 B - 2 scrolls of holy word
 G - a scroll of identify
Potions
 f - a potion of ambrosia {unknown}
 k - 2 potions of brilliance
 o - 2 potions of degeneration {unknown}
 p - 3 potions of curing
 q - 4 potions of attraction
 u - a potion of heal wounds {unknown}
 z - a potion of berserk rage {unknown}
 D - a potion of magic {unknown}
 E - a potion of mutation


   Skills:
 + Level 8.0 Fighting
 * Level 10.1(10.2) Axes
 - Level 2.6(6.9) Polearms
 + Level 8.0 Armour
 * Level 8.4 Dodging
 + Level 8.0 Shields


You had 11 spell levels left.
You didn't know any spells.
Your spell library contained the following spells:

 Spells                   Type           Power      Damage    Failure   Level
 Magic Dart               Conj           0%         1d3       63%         1
 Blink                    Tloc           N/A        N/A       77%         2
 Call Imp                 Summ           0%         N/A       77%         2
 Searing Ray              Conj           0%         3d3       77%         2
 Dazzling Flash           Conj/Hex       0%         N/A       94%         3
 Lesser Beckoning         Tloc           0%         N/A       94%         3
 Mephitic Cloud           Conj/Pois/Air  0%         N/A       94%         3
 Fulminant Prism          Conj/Hex       0%         3d6       100%        4
 Agony                    Necr           0%         N/A       100%        5
 Manifold Assault         Tloc           0%         N/A       100%        5
 Silence                  Hex/Air        0%         N/A       100%        5


Dungeon Overview and Level Annotations

Branches:
Dungeon (9/15)                Orc (2/2) D:9
 Temple: D:4-7         Lair: D:8-11         Elf: Orc:2

Altars:
Ashenzari
Elyvilon
Gozag
Makhleb
Qazlal
Ru
Sif Muna
Wu Jian
Xom
Zin
Beogh

Shops:
D:7 [   Orc:2 *(


Innate Abilities, Weirdness & Mutations

Your flesh is cold resistant. (rC+)
You are robust. (+10% HP)


Message History

The orc warrior hits you with a +0 battleaxe!!
You block the orc warrior's attack. You block the orc warlord's attack.
The orc warrior barely misses you.
Unknown command.
You hit the orc warlord but do no damage.
Lightning courses through the orc warlord!!
The orc warlord is heavily wounded.
You hit the orc warrior but do no damage.
The orc warrior misses you. The orc warlord closely misses you.
You block the orc warrior's attack.
The orc warlord unwields a +1 bardiche of freezing.
The orc warlord wields a +0 arbalest.
The orc warlord shoots a bolt.
The bolt hits you!!
* * * LOW HITPOINT WARNING * * *
Unknown command.
Unknown command.
You hit the orc warrior.
The orc warrior is almost dead.
The orc warrior hits you from afar with a +0 trident.
* * * LOW HITPOINT WARNING * * *
Unknown command.
You hit the orc warlord but do no damage.
The orc warlord is heavily wounded.
The orc warrior no longer looks unusually strong.
The orc warrior closely misses you.
You hit the orc warlord.
The orc warlord is heavily wounded.
The orc warlord roars a battlecry!
The orc warrior goes into a battle-frenzy!
The orc warrior closely misses you.
You slash the orc warlord!
The orc warlord is severely wounded.
The orc warlord unwields a +0 arbalest.
The orc warlord wields a +1 bardiche of freezing.
It glows with a cold blue light!
The orc warlord hits you with a +1 bardiche of freezing!
* * * LOW HITPOINT WARNING * * *
The orc warlord freezes you.
You die...
Your body crumbles into a pile of gold.

.................).............##
.)).#............#######'#.....#
..).##.##........#.∩.#...#..#..##
..)#####.........#8∩8#.8.#......#
....#####........#...#...#.......
##...##.##.......#...###'#...#..#
##..###..........#....[.)#...#...
#....##.######...#.......#..###.#
.#......')...#..@##.._..##.## ###
........#).._#.#o#########..##
...##...######.#oo.....).....#
#.###....... ..######.#####.##
####....####### #...# ### #.....#
##.###### # #......#
##...#...##.##. ....#.##
#...#.......... ##..#...
#######.......##....


You could see an orc warlord and 2 orc warriors.

Vanquished Creatures
  Erica (D:9)
  A two-headed ogre (Orc:2)
  Sonja (Orc:1)
  3 orc sorcerers
  An orc knight (Orc:2)
  A cyclops (Orc:1)
  2 trolls
  2 hornets
  A wyvern (D:8)
  A vampire (D:9)
  8 yaks
  A steam dragon (D:8)
  Edmund (D:6)
  4 wargs
  An acid dragon (D:7)
  2 water moccasins (D:7)
  An ice beast (D:7)
  16 orc warriors
  A black bear (D:6)
  5 ogres
  2 necrophages
  A centaur (D:9)
  2 phantoms (D:6)
  2 bullfrogs
  2 wyvern zombies
  A scorpion (D:6)
  4 killer bees (D:8)
  3 wights (D:8)
  4 centaur zombies
  A bullfrog zombie (D:6)
  A crimson imp (D:9)
  Crazy Yiuf (D:2)
  2 jellies (D:6)
  9 orc priests
  A hound (D:6)
  3 iguanas
  16 orc wizards
  Robin (D:2)
  2 adders
  A white imp (D:7)
  3 adder skeletons
  A worm (D:3)
  2 dart slugs
  51 orcs
  4 bats
  3 endoplasms
  A giant cockroach (D:1)
  16 goblins
  14 hobgoblins
  3 jackals (D:4)
  3 kobolds
  A quokka (D:2)
  7 ball pythons
  2 frilled lizards (D:1)
  3 rats (D:2)
227 creatures vanquished.

Vanquished Creatures (others)
  A fungus (D:8)
  4 plants (D:8)
5 creatures vanquished.

Grand Total: 232 creatures vanquished

Notes
Turn   | Place    | Note
-------+----------+-------------------------------------------
     0 | D:1      | babuloseo the Human Fighter began the quest for the Orb.
     0 | D:1      | Reached XP level 1. HP: 18/18 MP: 1/1
   208 | D:1      | Reached XP level 2. HP: 2/24 MP: 2/2
  1118 | D:2      | Found a stormy altar of Qazlal.
  1125 | D:2      | Reached XP level 3. HP: 18/29 MP: 3/3
  1346 | D:2      | Found a runed translucent door.
  1347 | D:2      | Noticed Crazy Yiuf
  1415 | D:2      | Identified a scroll of acquirement
  1415 | D:2      | Acquired the +8 broad axe of Beokiukkaero {elec, rF+}
  1548 | D:2      | Noticed Robin
  1554 | D:2      | Reached XP level 4. HP: 30/35 MP: 4/4
  1555 | D:2      | Killed Robin
  1564 | D:2      | Reached skill level 1 in Axes
  1983 | D:2      | Found Gisot's Antique Weapon Boutique.
  2127 | D:2      | Killed Crazy Yiuf
  2128 | D:2      | Reached XP level 5. HP: 23/41 MP: 5/5
  2867 | D:3      | Found a faded altar of an unknown god.
  3157 | D:3      | Found an opulent altar of Gozag.
  3190 | D:3      | Became a worshipper of Gozag Ym Sagoz the Greedy
  3301 | D:4      | Reached skill level 2 in Axes
  3455 | D:4      | Identified the +7 spear of Untimely Demise {antimagic,
                  | rCorr}
  3455 | D:4      | Noticed a necrophage
  3462 | D:4      | Killed a necrophage
  3463 | D:4      | Reached XP level 6. HP: 42/48 MP: 6/6
  3606 | D:4      | Found a glowing silver altar of Zin.
  3687 | D:4      | Found a white marble altar of Elyvilon.
  4057 | D:4      | Found an ornate altar of the Wu Jian Council.
  4389 | D:5      | Entered Level 5 of the Dungeon
  4394 | D:5      | Found a broken altar of Ashenzari.
  4399 | D:6      | Noticed a necrophage
  4403 | D:6      | Killed a necrophage
  4404 | D:6      | Reached skill level 3 in Axes
  4406 | D:6      | Reached XP level 7. HP: 45/54 MP: 7/7
  4567 | D:6      | Noticed Edmund
  4579 | D:6      | HP: 2/55 [Edmund (4)]
  4580 | D:6      | Killed Edmund
  4581 | D:6      | Reached skill level 4 in Axes
  5006 | D:6      | Noticed a yak
  5006 | D:6      | Noticed a yak
  5006 | D:6      | Noticed a yak
  5015 | D:6      | Killed a yak
  5016 | D:6      | Reached XP level 8. HP: 58/61 MP: 8/8
  5022 | D:6      | Killed a yak
  5023 | D:6      | Reached skill level 5 in Axes
  5023 | D:6      | Reached skill level 5 in Armour
  5025 | D:6      | Killed a yak
  5026 | D:6      | Reached skill level 5 in Fighting
  5026 | D:6      | Reached skill level 5 in Shields
  5312 | D:6      | Reached skill level 1 in Dodging
  5655 | D:6      | Gained mutation: You have large cloven feet. [potion of
                  | mutation]
  5655 | D:6      | Gained mutation: You have a somewhat thin skeletal
                  | structure. (Dex +2, Stealth+) [potion of mutation]
  5811 | D:7      | Reached XP level 9. HP: 57/68 MP: 9/9
  5815 | D:7      | Reached skill level 6 in Axes
  5847 | D:7      | Acquired 832 gold pieces
  5852 | D:7      | Bought a translucent buckler for 294 gold pieces
  5852 | D:7      | Identified the +0 buckler of Lilacs {Contam rPois Will+}
                  | (You bought it in a shop on level 7 of the Dungeon)
  5852 | D:7      | Bought an encrusted scale mail for 279 gold pieces
  5852 | D:7      | Identified the +1 scale mail "Nyjiusef" {Dex+2 Slay+3} (You
                  | bought it in a shop on level 7 of the Dungeon)
  6845 | D:8      | Noticed a hornet
  6854 | D:8      | Killed a hornet
  7019 | D:8      | Reached skill level 7 in Axes
  7331 | D:8      | Reached XP level 10. HP: 21/76 MP: 5/10
  7716 | D:8      | Found a sacrificial altar of Ru.
  7805 | D:8      | Lost mutation: You have a somewhat thin skeletal structure.
                  | (Dex +2, Stealth+) [potion of mutation]
  7805 | D:8      | Lost mutation: You have large cloven feet. [potion of
                  | mutation]
  7805 | D:8      | Gained mutation: You are robust. (+10% HP) [potion of
                  | mutation]
  7805 | D:8      | Gained mutation: Your flesh is cold resistant. (rC+)
                  | [potion of mutation]
  8311 | D:8      | Found a shimmering blue altar of Sif Muna.
  8385 | D:8      | Reached skill level 5 in Dodging
  8568 | D:9      | Noticed Erica
  8575 | D:9      | Killed Erica
  8683 | D:9      | Reached skill level 8 in Axes
  9087 | D:7      | Bought a shiny helmet for 232 gold pieces
  9087 | D:7      | Bought a scorched leather armour for 217 gold pieces
  9087 | D:7      | Identified the +1 leather armour of Absence {+Blink Will+
                  | Dex-3 Stlth+} (You bought it in a shop on level 7 of the
                  | Dungeon)
  9156 | D:9      | Found a burning altar of Makhleb.
  9156 | D:9      | Found a shimmering altar of Xom.
  9408 | D:9      | Found a staircase to the Orcish Mines.
  9416 | Orc:1    | Entered Level 1 of the Orcish Mines
  9416 | Orc:1    | Noticed an orc sorcerer
  9420 | Orc:1    | Noticed an ice devil
  9421 | Orc:1    | Killed an orc sorcerer
  9424 | Orc:1    | Reached XP level 11. HP: 91/92 MP: 9/11
  9430 | Orc:1    | Noticed Sonja
  9892 | D:9      | Reached skill level 9 in Axes
  9911 | Orc:1    | Killed Sonja
 10060 | Orc:1    | Noticed a cyclops
 10280 | Orc:1    | Killed a cyclops
 10690 | Orc:2    | Entered Level 2 of the Orcish Mines
 10744 | Orc:2    | Noticed a two-headed ogre
 10756 | Orc:2    | Killed a two-headed ogre
 11257 | Orc:2    | Noticed an orc sorcerer
 11267 | Orc:2    | Killed an orc sorcerer
 11461 | Orc:2    | Found Ukhyneubu's General Store.
 11815 | Orc:2    | Noticed an orc knight
 11823 | Orc:2    | Killed an orc knight
 11834 | Orc:2    | Noticed an orc sorcerer
 11840 | Orc:2    | Reached skill level 10 in Axes
 11842 | Orc:2    | Noticed an orc warlord
 11843 | Orc:2    | Reached XP level 12. HP: 39/101 MP: 3/12
 12232 | Orc:2    | HP: 1/101 [orc warlord (10)]
 12232 | Orc:2    | Slain by an orc warlord

Illustrated notes

Levels and vault maps discovered:
D:1:      lemuel_arrival_river_bridge, layout_rooms
D:2:      layout_loops_cross, basic_altar, serial_shops, shop,
          minmay_goblin_kobold_house, uniq_crazy_yiuf_cottage, uniq_robin
D:3:      layout_basic, grunt_gozag_breadcrumbs,
          hellmonk_ecumenical_altar_heavens_door
D:4:      layout_loops_ring, zin_treasury, elyvilon_altar_3,
          nzn_wu_jian_contemplation, serial_co_window_serial,
          co_window_corner_a, co_window_corner_a, co_window_of_opportunity_a,
          co_window_corner_a, co_window_paths_a, co_window_corner_b,
          co_window_paths_c, co_window_2corner, co_window_paths_c,
          co_window_of_opportunity_b, co_window_of_opportunity_c,
          co_window_of_opportunity_c, glass_columns_a, glass_columns_c
D:5:      layout_gridville, dancing_weapons_uskayaw, ashenzari_altar_1,
          kennysheep_mini_moat, minmay_temple_entry_statues_fountains,
          serial_shops, nicolae_shop_trees, kennysheep_crisscross,
          minmay_circle_x
D:6:      layout_basic, kennysheep_cross_bottleneck, grunt_ministairs_3,
          uniq_edmund
D:7:      layout_loops_corners
D:8:      layout_basic, nicolae_ru_the_path_less_chosen,
          lemuel_coloured_pillars_altar
D:9:      layout_irregular_city, grunt_temple_overflow_champion_of_chaos,
          david_lair_shrubbed, orc_0_dummy, uniq_erica
Orc:1:    layout_caves, uniq_sonja
Orc:2:    grunt_orc_community_town_hall, layout_caves,
          grunt_orc_community_big_house_2, grunt_orc_community_big_house_1,
          grunt_orc_community_house_2, grunt_orc_community_house_1,
          grunt_orc_community_house_3, grunt_orc_community_house_3,
          grunt_orc_community_house_1, serial_shops, shop, nicolae_orc_rockfall

Skill      XL: |  1  2  3  4  5  6  7  8  9 10 11 12 |
---------------+-------------------------------------+-----
Axes           | 1 2 3 4 5 7 8 10 | 10.1
Armour         | 4 5 6 7 8 |  8.0
Fighting       | 4 5 6 7 8 |  8.0
Shields        | 4 5 6 7 8 |  8.0
Dodging        | 2 4 6 8 |  8.4
Polearms       | |  2.6

Action                   |  1- 3 |  4- 6 |  7- 9 | 10-12 || total
-------------------------+-------+-------+-------+-------++-------
Melee: Trident           |    68 |       |       |       ||    68
       Broad axe         |     9 |    72 |    92 |   234 ||   407
       Kick              |       |       |    15 |       ||    15
Invok: Call Merchant     |       |       |     1 |     1 ||     2
  Use: Scroll            |     1 |       |     7 |     8 ||    16
       Potion            |       |       |     2 |     2 ||     4
 Stab: Distracted        |       |       |     1 |     1 ||     2
Armor: Scale mail        |    38 |    32 |    28 |    69 ||   167
       Chain mail        |       |       |     7 |       ||     7
Dodge: Dodged            |    25 |    15 |    29 |   115 ||   184
Block: Kite shield       |    27 |    36 |    21 |       ||    84
       Buckler           |       |       |    20 |    62 ||    82
